 Dungeon Crawl Stone Soup version 0.31.0-32-g396128a36d (webtiles) character file.

Game seed: 9775661198434483251

2691 monsoonserge the Mimic (level 9, -1/56 HPs)
             Began as an Octopode Shapeshifter on Apr 10, 2024.
             Was an Initiate of Gozag.
             Slain by Duvessa
             ... wielding a +0 short sword
              (5 damage)
             ... on level 7 of the Dungeon.
             The game lasted 00:18:34 (6236 turns).

monsoonserge the Mimic (Octopode Shapeshifter)      Turns: 6236, Time: 00:18:36

Health: -1/56      AC:  9    Str: 17    XL:     9   Next: 65%
Magic:  9/9        EV: 17    Int: 13    God:    Gozag
Gold:   559        SH:  0    Dex: 11    Spells: 8/8 levels left

rFire   . .          .
                       - Unarmed
rCold   . . .        (shield currently unavailable)
rNeg    + . .        (helmet restricted)
rPois   .            n - amulet of the acrobat
rElec   .            q - ring of positive energy
rCorr   .            s - +4 ring of protection
SInv    .            y - +4 ring of protection
Will    .....        (no ring)
Stlth   ++           (no ring)
HPRegen 0.29/turn    (no ring)
MPRegen 0.11/turn    (no ring)
                     (no ring)

%: acrobat
@: flux-form, glowing
A: glow, contaminating, almost no armour, amphibious, 8 rings, camouflage 1,
gelatinous body 1, (nimble swimmer 1), tentacles
a: Begin Untransformation, Renounce Religion, Potion Petition, Call Merchant,
Bribe Branch


You were on level 7 of the Dungeon.
You worshipped Gozag.
Gozag was pleased with you.
You were something dangerously unstable.
You visited 2 branches of the dungeon, and saw 9 of its levels.

You collected 609 gold pieces.
You paid 50 gold pieces to Gozag.

Inventory:

Missiles
 g - 11 poisoned darts (quivered)
 x - 3 boomerangs
Jewellery
 n - an amulet of the acrobat (around mantle)
 q - a ring of positive energy (left tentacle)
 s - a +4 ring of protection (right tentacle)
 y - a +4 ring of protection (on tentacle)
Talismans
 c - a flux talisman (active)
Wands
 p - a wand of polymorph (12)
 v - a wand of iceblast (8)
Scrolls
 b - a scroll of silence
 d - a scroll of fear {unknown}
 f - 3 scrolls of noise {unknown}
 i - 2 scrolls of amnesia
 r - a scroll of enchant weapon {unknown}
 u - a scroll of poison {unknown}
 w - a scroll of blinking {unknown}
 z - a scroll of vulnerability {unknown}
Potions
 e - 2 potions of might
 h - a potion of brilliance {unknown}
 j - 2 potions of attraction
 k - a potion of curing
 l - a potion of cancellation {unknown}
 m - a potion of magic {unknown}
 o - a potion of ambrosia {unknown}
 B - a potion of heal wounds {unknown}


   Skills:
 * Level 3.1 Fighting
 - Level 1.0 Throwing
 * Level 3.1 Dodging
 + Level 3.1 Stealth
 + Level 7.0 Unarmed Combat
 + Level 2.1 Evocations
 + Level 9.5 Shapeshifting


You had 8 spell levels left.
You didn't know any spells.
Your spell library contained the following spells:

 Spells                   Type           Power      Damage    Failure   Level
 Apportation              Tloc           0%         N/A       30%         1
 Necrotise                Necr           0%         1d4       30%         1
 Sting                    Conj/Alch      0%         1d3       30%         1
 Summon Small Mammal      Summ           0%         N/A       30%         1
 Cigotuvi's Dreadful Rot  Necr/Alch/Air  0%         N/A       43%         2
 Ignite Poison            Fire/Alch      0%         N/A       97%         4
 Freezing Cloud           Conj/Ice/Air   0%         6-21      100%        5


Dungeon Overview and Level Annotations

Branches:
Dungeon (8/15)             Temple (1/1) D:4
   Lair: D:8-11

Altars:
Ashenzari
Cheibriados
Dithmenos
Elyvilon
Fedhas
Gozag
Hepliaklqana
Kikubaaqudgha
Makhleb
Nemelex Xobeh
Okawaru
Qazlal
Ru
Sif Muna
Trog
Uskayaw
Vehumet
Xom
Yredelemnul
Zin
The Shining One

Shops:
D:6 :   D:7 [

Annotations:
D:7 Duvessa
D:8 Maggie


Innate Abilities, Weirdness & Mutations

You are something dangerously unstable.
You glow with magical radiation, making you easy to see and hit.
Foes you strike become dangerously contaminated with magical radiation.
You are incapable of wielding weapons or throwing items.
You cannot wear most types of armour.
You are amphibious.
You can wear up to eight rings at the same time.
Your skin changes colour to match your surroundings (Stealth+).
Your rubbery body absorbs attacks. (AC +1, EV +1)
((You are camouflaged when in or above water. (Stealth+)))
You have tentacles for arms and can constrict up to eight enemies at once.


Message History

You kill the centaur!
You see here a +0 halberd.
You start resting.
Duvessa is nearby!
Aiming: Iceblast
Press: ? - help, Shift-Dir - straight line, f - you
Okay, then.
Unknown command.
Duvessa goes berserk!
Aiming: Iceblast
Press: ? - help, Shift-Dir - straight line
Okay, then.
Aiming: Iceblast
Press: ? - help, Shift-Dir - straight line, f - Duvessa
Aim: Duvessa, wielding a +0 short sword and wearing a +0 chain mail (berserk)
The mass of ice explodes!
The iceblast engulfs Duvessa!
Duvessa is moderately wounded.
You hear a shout!
Unknown command.
Aiming: Iceblast
Press: ? - help, Shift-Dir - straight line, f/p - Duvessa
Aim: Duvessa, wielding a +0 short sword and wearing a +0 chain mail (moderately wounded, berserk)
The mass of ice explodes!
The iceblast engulfs Duvessa!
Duvessa is heavily wounded.
You hear an angry buzzing noise.
You barely miss Duvessa. You grab Duvessa.
Duvessa is heavily wounded.
You constrict Duvessa. Duvessa barely misses you.
You tentacle-slap Duvessa.
Duvessa begins to glow.
Duvessa is heavily wounded.
You constrict Duvessa, but do no damage.
Duvessa completely misses you.
You tentacle-slap Duvessa but do no damage.
Duvessa glows dangerously bright.
You squeeze Duvessa, but do no damage.
Duvessa is heavily wounded.
You constrict Duvessa. Duvessa hits you with a +0 short sword!
* * * LOW HITPOINT WARNING * * *
Duvessa hits you with a +0 short sword.
You die...
Your body crumbles into a pile of gold.

###
#p#
#e#
#$#
#$#
#..
#..
#).#
#...
#.#.


You could see Duvessa (berserk, heavy contam).

Vanquished Creatures
  Erica (D:8)
  Prince Ribbit (D:6)
  Grinder (D:6)
  Sigmund (D:3)
  A steam dragon (D:8)
  A water moccasin (D:6)
  An ice beast (D:5)
  A black bear (D:4)
  An ogre (D:6)
  2 centaurs
  A scorpion (D:5)
  4 killer bees
  A howler monkey (D:7)
  2 bombardier beetles
  2 jellies
  2 orc priests (D:6)
  A gnoll bouda (D:7)
  A sleepcap (D:5)
  2 iguanas
  4 orc wizards
  8 gnolls
  6 adders
  6 ufetubi
  3 dart slugs
  3 ribbon worms
  13 orcs
  11 ball pythons
  4 bats
  3 endoplasms
  3 giant cockroaches
  10 goblins
  7 hobgoblins
  3 jackals (D:1)
  2 quokkas (D:2)
  4 frilled lizards
  4 kobolds
  4 rats
125 creatures vanquished.

Notes
Turn   | Place    | Note
-------+----------+-------------------------------------------
     0 | D:1      | monsoonserge the Octopode Shapeshifter began the quest for
                  | the Orb.
     0 | D:1      | Reached XP level 1. HP: 13/13 MP: 1/1
   121 | D:1      | Reached skill level 1 in Stealth
   132 | D:1      | Reached XP level 2. HP: 15/18 MP: 2/2
   308 | D:1      | Reached XP level 3. HP: 22/23 MP: 3/3
  1628 | D:3      | Noticed Sigmund
  1820 | D:3      | Reached skill level 1 in Throwing
  1820 | D:3      | Reached XP level 4. HP: 11/29 MP: 4/4
  2233 | D:4      | Noticed a black bear
  2362 | D:3      | Reached skill level 1 in Evocations
  2514 | D:4      | Reached XP level 5. HP: 25/34 MP: 5/5
  2583 | D:4      | Found a shimmering blue altar of Sif Muna.
  2639 | D:4      | Found a staircase to the Ecumenical Temple.
  2649 | Temple   | Entered the Ecumenical Temple
  2817 | D:4      | Killed a black bear
  2818 | D:4      | Reached XP level 6. HP: 41/41 MP: 6/6
  3117 | D:4      | Found an opulent altar of Gozag.
  3121 | D:4      | Became a worshipper of Gozag Ym Sagoz the Greedy
  3224 | D:5      | Entered Level 5 of the Dungeon
  3449 | D:5      | Found a shadowy altar of Dithmenos.
  3690 | D:5      | Reached skill level 5 in Unarmed Combat
  3730 | D:5      | Noticed an ice beast
  3862 | D:5      | Reached XP level 7. HP: 46/46 MP: 7/7
  4145 | D:3      | Killed Sigmund
  4411 | D:6      | Noticed Prince Ribbit
  4411 | D:6      | Found a hazy altar of Hepliaklqana.
  4420 | D:5      | Reached skill level 4 in Shapeshifting
  4452 | D:6      | Killed Prince Ribbit
  4453 | D:6      | Reached skill level 5 in Shapeshifting
  4453 | D:6      | Reached XP level 8. HP: 22/52 MP: 8/8
  4688 | D:7      | Found Naur's Armour Boutique.
  4688 | D:7      | Found a burning altar of Makhleb.
  4886 | D:6      | Found a radiant altar of Vehumet.
  4895 | D:6      | Found a white marble altar of Elyvilon.
  4920 | D:6      | Found a sacrificial altar of Ru.
  5202 | D:6      | Found Miyleg's Self-Improvement Boutique.
  5214 | D:6      | Reached skill level 6 in Shapeshifting
  5232 | D:6      | Found a basalt altar of Yredelemnul.
  5462 | D:6      | Noticed Grinder
  5585 | D:5      | Reached skill level 7 in Shapeshifting
  5658 | D:5      | Found a stormy altar of Qazlal.
  5660 | D:5      | Noticed an air elemental
  5668 | D:5      | Noticed a water elemental
  5808 | D:6      | Killed Grinder
  5809 | D:6      | Reached XP level 9. HP: 56/56 MP: 9/9
  6052 | D:7      | Found a broken altar of Ashenzari.
  6056 | D:7      | Saw a vision of the Swamp and the Snake Pit.
  6056 | D:7      | Noticed a bunyip
  6056 | D:7      | Noticed a mana viper
  6056 | D:7      | Noticed a six-headed hydra
  6056 | D:7      | Noticed a six-headed hydra
  6056 | D:7      | Noticed a spriggan rider
  6056 | D:7      | Noticed a bunyip
  6056 | D:7      | Noticed a spriggan rider
  6057 | D:7      | Noticed a naga sharpshooter
  6058 | D:7      | Noticed an eleionoma
  6110 | D:8      | Reached skill level 8 in Shapeshifting
  6144 | D:8      | Noticed Erica
  6154 | D:8      | Noticed Maggie
  6157 | D:8      | Killed Erica
  6158 | D:8      | Reached skill level 9 in Shapeshifting
  6175 | D:7      | Noticed Duvessa
  6176 | D:7      | Noticed Dowan
  6207 | D:7      | Dowan changed into Dowan the howler monkey
  6207 | D:7      | Noticed Dowan
  6216 | D:7      | Killed Dowan the howler monkey
  6236 | D:7      | Slain by Duvessa

Illustrated notes

Levels and vault maps discovered:
D:1:      dpeg_arrival_three_bigger_balls, layout_basic
D:2:      layout_loops_corners
D:3:      layout_loops_cross, uniq_sigmund
D:4:      layout_cave_pools, marbit_many_paths,
          mainiacjoe_overflow_six_doors_small, minmay_temple_entry_glassed_door
D:5:      layout_basic, lemuel_coloured_pillars_altar,
          nicolae_qazlal_style_of_elements, kennysheep_generic_room_2
D:6:      layout_loops_ring, lemuel_round_altar,
          nicolae_hepliaklqana_hazy_memory, mainiacjoe_overflow_paths,
          mainiacjoe_overflow_swirl, nicolae_shop_self_help, uniq_grinder,
          uniq_prince_ribbit1
D:7:      layout_rooms, grunt_ashenzari_visionary
          [grunt_ashenzari_visionary_swamp, grunt_ashenzari_visionary_snake],
          overflow_temple_1_default, nzn_wu_jian_council_hall, serial_shops,
          shop, kennysheep_nub, uniq_duvessa
D:8:      layout_loops_ring, uniq_maggie, uniq_erica, uniq_gastronok,
          uniq_psyche, uniq_jeremiah
Temple:   jpeg_temple_alley_garden

Skill      XL: |  1  2  3  4  5  6  7  8  9 |
---------------+----------------------------+-----
Stealth        | 1 2 3 |  3.1
Fighting       | 2 3 |  3.1
Throwing       | 1 |  1.0
Evocations     | 2 |  2.1
Unarmed Combat | 4 5 7 |  7.0
Dodging        | 3 |  3.1
Shapeshifting  | 5 7 9 |  9.5

Action                     |  1- 3 |  4- 6 |  7- 9 || total
---------------------------+-------+-------+-------++-------
  Melee: Unarmed           |    79 |   102 |   110 ||   291
         Constrict         |    22 |    27 |    22 ||    71
         Tentacles         |    12 |    21 |    26 ||    59
         Punch             |     1 |     2 |     2 ||     5
  Throw: Dart              |       |     5 |     4 ||     9
  Evoke: Wand              |       |     1 |     7 ||     8
    Use: Potion            |       |       |     3 ||     3
         Scroll            |       |       |     7 ||     7
   Stab: Sleeping          |     9 |     2 |     5 ||    16
         Distracted        |     1 |       |       ||     1
 Armour: Skin              |    31 |    39 |    67 ||   137
  Dodge: Dodged            |    39 |    61 |   114 ||   214
   Form: Flux              |       |       |     1 ||     1
